 Dungeon Crawl Stone Soup version 0.22.0-38-g04b72b8 (webtiles) character file.

31 Lew the Ducker (level 3, -4/26 HPs)
             Began as an Octopode Fighter on Aug 30, 2018.
             Slain by an orc
             ... wielding a +0 hand axe
              (11 damage)
             ... on level 4 of the Dungeon.
             The game lasted 00:02:47 (1056 turns).

Lew the Ducker (Octopode Fighter)                   Turns: 1056, Time: 00:02:48

Health: -4/26      AC:  1    Str: 15    XL:     3   Next: 22%
Magic:  3/3        EV: 12    Int: 10    God:
Gold:   73         SH:  0    Dex: 12    Spells: 2/2 levels left

rFire    . . .     SeeInvis .   a - +0 war axe
rCold    . . .     Gourm    .   b - +0 shield
rNeg     . . .     Faith    .   (helmet restricted)
rPois    .         Spirit   .   (no amulet)
rElec    .         Reflect  .   (no ring)
rCorr    .         Harm     .   (no ring)
MR       .....                  (no ring)
Stlth    ++........             (no ring)
HPRegen  0.08/turn              (no ring)
MPRegen  0.08/turn              (no ring)
                                (no ring)
                                (no ring)

@: confused
A: almost no armour, stealthy swim, amphibious, 8 rings, constrict 8, camouflage
1, gelatinous body 1
a: no special abilities


You were on level 4 of the Dungeon.
You were not hungry.

You visited 1 branch of the dungeon, and saw 4 of its levels.

You collected 73 gold pieces.

Inventory:

Hand Weapons
 a - a +0 war axe (weapon)
Armour
 b - a +0 shield (worn)
Scrolls
 f - a scroll of noise
Potions
 c - a potion of might
 g - a potion of haste {unknown}
Comestibles
 d - 4 rations


   Skills:
 + Level 3.2 Fighting
 + Level 2.3 Axes
 + Level 3.3 Dodging
 + Level 1.6 Stealth
 + Level 3.2 Shields


You had 2 spell levels left.
You didn't know any spells.
Your spell library was empty.

Dungeon Overview and Level Annotations

Branches:
Dungeon (4/15)
 Temple: D:4-7

Altars:
Elyvilon

Annotations:
D:4 Sigmund


Innate Abilities, Weirdness & Mutations

You cannot wear most types of armour.
You are very stealthy in the water. (Stealth+)
You are amphibious.
You can wear up to eight rings at the same time.
You can use your tentacles to constrict eight enemies at once.
Your skin changes colour to match your surroundings (Stealth+).
Your rubbery body absorbs attacks. (AC +1, EV +1)


Message History

You release your grip on the orc.
Sigmund drinks a potion.
Sigmund suddenly seems more resistant.
You block the orc's attack.
The orc rages.
You block the orc's attack.
Sigmund gestures wildly while chanting.
Sigmund flickers and vanishes!
Deactivating autopickup; reactivate with Ctrl-A.
The orc rages.
The orc hits you with a hand axe!
* * * LOW HITPOINT WARNING * * *
Sorry, you're not good enough to have a special ability.
Unknown command.
As you read the scroll labeled BOOCSO URAMEVY, it crumbles to dust.
It is a scroll of identify.
f - a scroll of noise You block the orc's attack.
It was a potion of ambrosia.
You are confused.
You feel invigorated. The orc misses you. The orc hits you with a hand axe!
You die...

########.##.##
#........#...#
#.####.#.#.8.#
###......#.#...#
..#.###..#.##.## #o#^#
#....$#.# #.#.# ####a##.##
#####
#o#[##...###...###a..###.#
..o.oo.8....._..@oo8..)..#
#.####...###...###...#.#.#
#.. # ## ##.## #####.# ...
#.# a# .... #.# .# ####
... .# .8. .. #.. .#


You could see a worker ant and 2 orcs.

Vanquished Creatures
  An adder (D:2)
  A worm (D:3)
  2 orcs (D:4)
  4 goblins
  2 hobgoblins (D:2)
  3 kobolds
  A frilled lizard (D:1)
  3 rats
17 creatures vanquished.

Notes
Turn   | Place    | Note
-------+----------+-------------------------------------------
     0 | D:1      | Lew the Octopode Fighter began the quest for the Orb.
     0 | D:1      | Reached XP level 1. HP: 16/16 MP: 1/1
   109 | D:1      | Reached XP level 2. HP: 12/21 MP: 2/2
   238 | D:2      | Reached skill level 1 in Stealth
   428 | D:4      | Noticed an ogre
   543 | D:3      | HP: 1/21 [worm (3)]
   966 | D:2      | Reached XP level 3. HP: 26/26 MP: 3/3
  1020 | D:2      | You fall through a shaft for 2 floors!
  1029 | D:4      | Found a white marble altar of Elyvilon.
  1047 | D:4      | Noticed Sigmund
  1056 | D:4      | Slain by an orc

Skill      XL: |  1  2 |
---------------+-------+-----
Stealth        | 1 |  1.6
Fighting       | |  3.2
Axes           | |  2.3
Dodging        | |  3.3
Shields        | |  3.2

Action                   || total
-------------------------++-------
Melee: War axe           ||    36
       Constrict         ||     7
       Tentacles         ||     6
  Use: Scroll            ||     1
       Potion            ||     1
 Stab: Sleeping          ||     4
       Distracted        ||     1
Dodge: Dodged            ||    15
Block: Shield            ||    19
